 Dungeon Crawl Stone Soup version 0.27.0-1-g7a089689b8 (webtiles) character file.

Game seed: 11908885284627502530

3540 dtburroughs the Fighter (level 9, -8/81 HPs)
             Began as a Minotaur Berserker on Aug 13, 2021.
             Was an Elder of Trog.
             Mangled by a troll (14 damage)
             ... on level 10 of the Dungeon on Aug 16, 2021.
             The game lasted 00:16:52 (9837 turns).

dtburroughs the Fighter (Minotaur Berserker)        Turns: 9837, Time: 00:16:53

Health: -8/81      AC: 13    Str: 23    XL:     9   Next: 82%
Magic:  8/8        EV: 10    Int:  7    God:    Trog [****..]
Gold:   450        SH:  5    Dex:  9    Spells: 8/8 levels left

rFire    . . .     SeeInvis .   j - +1 hand axe (vorpal)
rCold    . . .     Faith    .   u - +0 buckler
rNeg     . . .     Spirit   .   i - +0 chain mail
rPois    .         Reflect  .   (helmet restricted)
rElec    .         Harm     .   q - +0 cloak
rCorr    .         Rampage  .   x - +0 pair of gloves
Will     .....                  (no boots)
Stlth    ..........             (no amulet)
HPRegen  0.23/turn              (no ring)
MPRegen  0.11/turn              (no ring)

@: no status effects
A: horns 2, retaliatory headbutt
a: Renounce Religion, Berserk, Trog's Hand, Brothers in Arms


You were on level 10 of the Dungeon.
You worshipped Trog.
Trog was greatly pleased with you.
You visited 1 branch of the dungeon, and saw 10 of its levels.

You collected 450 gold pieces.

Inventory:

Hand Weapons
 j - a +1 vorpal hand axe (weapon)
Armour
 a - a scarf of invisibility
 i - a +0 chain mail (worn)
 q - a +0 cloak (worn)
 u - a +0 buckler (worn)
 x - a +0 pair of gloves (worn)
Wands
 e - a wand of flame (22)
 o - a wand of acid (8)
 y - a wand of polymorph (10)
Scrolls
 b - a scroll of silence {unknown}
 c - 3 scrolls of fear
 d - 3 scrolls of enchant weapon
 f - a scroll of summoning {unknown}
 g - a scroll of noise {unknown}
 h - 2 scrolls of holy word {unknown}
 k - 5 scrolls of teleportation
 n - 2 scrolls of blinking {unknown}
 s - a scroll of magic mapping {unknown}
 t - a scroll of enchant armour {unknown}
Potions
 l - a potion of might
 p - a potion of flight
 v - a potion of haste
 w - a potion of cancellation
 z - a potion of curing


   Skills:
 + Level 8.2 Fighting
 + Level 8.1 Axes
 + Level 7.6 Armour
 + Level 6.9 Dodging
 + Level 6.0 Shields
 + Level 4.3 Evocations


You had 8 spell levels left.
You didn't know any spells.
Your spell library was empty.

Dungeon Overview and Level Annotations

Branches:
Dungeon (11/15)            Temple (0/1) D:4
   Lair: D:8-11         Orc: D:9-12

Altars:
Cheibriados
Fedhas
Gozag
Hepliaklqana
Kikubaaqudgha
Okawaru
Qazlal
Sif Muna
Trog
Wu Jian
Xom

Shops:
D:7 ?


Innate Abilities, Weirdness & Mutations

You have a pair of horns on your head.
You reflexively headbutt those who attack you in melee.


Message History

The komodo dragon is moderately wounded.
You hit the cyan ugly thing. You hit the troll.
The cyan ugly thing engulfs you. The cyan ugly thing shocks you!
The komodo dragon barely misses you. The cyan ugly thing closely misses you.
The komodo dragon closely misses you.
You see here a +0 kite shield.
You block the komodo dragon's attack. The troll closely misses you.
The troll claws you. The troll claws you but does no damage.
Found 14 gold pieces.
There is an escape hatch in the ceiling here.
The electric eel shoots out a bolt of lightning at you!
The bolt of electricity hits you! The komodo dragon closely misses you.
You furiously retaliate!
You headbutt the komodo dragon! The troll bites you.
The troll closely misses you. The troll claws you but does no damage.
A mysterious force pulls you upwards. The hatch slams shut behind you.
The orc shouts!
You fail to use your ability.
You block the komodo dragon's attack.
An orc warrior comes into view. It is wielding a +0 dire flail.
The troll barely misses you. The troll claws you but does no damage.
The troll claws you.
An orc comes into view. It is wielding a +0 short sword.
Your ogre goes berserk!
The orc shouts!
The komodo dragon bites you. The troll bites you! The troll claws you!
* * * LOW HITPOINT WARNING * * *
The troll claws you!
* * * LOW HITPOINT WARNING * * *
You feel much better.
Your ogre hits the troll with a +0 giant club!
The komodo dragon bites you!!
* * * LOW HITPOINT WARNING * * *
The troll bites you!
* * * LOW HITPOINT WARNING * * *
The troll misses you. The troll claws you but does no damage.
You feel much better.
Your ogre hits the troll with a +0 giant club!
The komodo dragon bites you!!
* * * LOW HITPOINT WARNING * * *
The troll bites you!
You die...

.## ..#
..#####
.......
.......
.......
##l......
#@.#
#.T......
.o.O####.
#.#### #o
#o .. ##


You could see a komodo dragon, a troll (ally target), an orc warrior, 2 orcs and
a friendly ogre (summoned, berserk).

Vanquished Creatures
  5 yaks (D:6)
  A water moccasin (D:7)
  An orc warrior (D:7)
  A black bear (D:7)
  2 ice beasts
  2 necrophages (D:5)
  3 ogres
  2 centaurs
  A kobold brigand (D:8)
  A bullfrog (D:6)
  A scorpion (D:7)
  2 gnoll sergeants
  3 water moccasin skeletons
  A wyvern skeleton (D:6)
  A bullfrog zombie (D:6)
  5 centaur zombies
  A jelly (D:6)
  An orc priest (D:3)
  A gnoll shaman (D:5)
  An iguana (D:4)
  3 hounds
  A bullfrog skeleton (D:7)
  A centaur skeleton (D:7)
  2 orc wizards
  Natasha (thrice) (D:2)
  A howler monkey zombie (D:7)
  2 howler monkey skeletons
  6 adders
  11 gnolls
  2 shadow imps (D:7)
  A white imp (D:6)
  2 ufetubi
  An adder skeleton (D:4)
  3 worms
  2 dart slugs
  16 orcs
  4 ball pythons
  5 bats
  A bat zombie (D:5)
  7 endoplasms
  2 giant cockroaches
  6 goblins
  4 hobgoblins
  9 jackals
  2 quokkas
  3 frilled lizards
  12 kobolds
  3 rats (D:2)
151 creatures vanquished.

Vanquished Creatures (others)
  An ogre (D:7)
  A water moccasin zombie (D:7)
  A shadow imp (D:7)
  2 plants (D:5)
5 creatures vanquished.

Grand Total: 156 creatures vanquished

Notes
Turn   | Place    | Note
-------+----------+-------------------------------------------
     0 | D:1      | dtburroughs the Minotaur Berserker began the quest for the
                  | Orb.
     0 | D:1      | Reached XP level 1. HP: 19/19 MP: 0/0
   162 | D:1      | HP: 1/20 [dart slug/slug dart (3)]
   792 | D:1      | Reached XP level 2. HP: 27/27 MP: 1/1
  1205 | D:2      | Reached XP level 3. HP: 33/33 MP: 2/2
  1650 | D:2      | Reached ** piety under Trog
  1726 | D:2      | Reached XP level 4. HP: 38/40 MP: 3/3
  1873 | D:2      | Noticed Natasha
  1890 | D:2      | Killed Natasha
  1954 | D:2      | Found a faded altar of an unknown god.
  2091 | D:2      | Noticed Natasha
  2099 | D:2      | Killed Natasha
  2106 | D:2      | Noticed Natasha
  2114 | D:2      | Killed Natasha
  2115 | D:2      | Reached XP level 5. HP: 26/47 MP: 4/4
  2591 | D:3      | Reached skill level 5 in Axes
  2618 | D:3      | Found a blossoming altar of Fedhas.
  2991 | D:3      | Reached skill level 5 in Fighting
  3491 | D:4      | Noticed an ogre
  3504 | D:4      | Killed an ogre
  3505 | D:4      | Reached XP level 6. HP: 43/56 MP: 5/5
  3597 | D:4      | Found a staircase to the Ecumenical Temple.
  4291 | D:4      | Reached *** piety under Trog
  4810 | D:5      | Entered Level 5 of the Dungeon
  4870 | D:5      | Found an ornate altar of the Wu Jian Council.
  4872 | D:5      | Found a shimmering blue altar of Sif Muna.
  5110 | D:5      | Reached skill level 1 in Shields
  5158 | D:5      | Noticed an ice beast
  5169 | D:5      | Killed an ice beast
  5170 | D:5      | Reached skill level 1 in Evocations
  5170 | D:5      | Reached XP level 7. HP: 44/62 MP: 6/6
  5278 | D:5      | Reached skill level 5 in Armour
  5606 | D:5      | Found an ancient bone altar of Kikubaaqudgha.
  5839 | D:6      | Reached skill level 5 in Dodging
  5839 | D:6      | Reached XP level 8. HP: 66/71 MP: 7/7
  6340 | D:6      | Found a bloodstained altar of Trog.
  6340 | D:6      | Found an iron altar of Okawaru.
  6348 | D:6      | Found a snail-covered altar of Cheibriados.
  6350 | D:6      | Found a hazy altar of Hepliaklqana.
  6352 | D:6      | Found a stormy altar of Qazlal.
  6543 | D:6      | Reached XP level 9. HP: 58/79 MP: 8/8
  6557 | D:6      | Reached **** piety under Trog
  6558 | D:6      | Reached skill level 5 in Shields
  7340 | D:7      | Found Vipy's Magic Scroll Emporium.
  7402 | D:7      | Found a shimmering altar of Xom.
  7423 | D:7      | Found an opulent altar of Gozag.
  9821 | D:8      | You fall into a shaft and drop 3 floors!
  9823 | D:11     | Noticed a cyan ugly thing
  9825 | D:11     | Noticed a komodo dragon
  9825 | D:11     | Noticed a troll
  9826 | D:11     | Found a blossoming altar of Fedhas.
  9833 | D:10     | Entered Level 10 of the Dungeon
  9837 | D:10     | Mangled by a troll

Illustrated notes

Levels and vault maps discovered:
D:1:      pf_arrival_petrified_forest, layout_basic
D:2:      layout_rooms, shapermc_ecumenical_altar_rom_forum, uniq_natasha
D:3:      layout_basic, overflow_temple_1_default
D:4:      layout_layer_cave, minmay_temple_entry_statues_pillars
D:5:      layout_basic, lemuel_zombie_altar_kikubaaqudgha,
          mainiacjoe_overflow_catch_the_wave
D:6:      layout_basic, chequers_temple_overflow_minitemple
D:7:      layout_basic, grunt_gozag_statues, xom_confusion_cloud,
          minmay_misc_feat_diagonals, nicolae_stop_n_shop_1, minivault_14,
          hex_large, minmay_misc_feat_rugged
D:8:      layout_basic
D:10:     layout_layer_cave, kennysheep_generic_room_8
D:11:     layout_rooms, david_orc_2, kennysheep_doodads, nrook_pool_corridor,
          fedhas_altar_2

Skill      XL: |  1  2  3  4  5  6  7  8  9 |
---------------+----------------------------+-----
Axes           | 4 5 6 7 8 |  8.1
Fighting       | 4 5 6 7 8 |  8.2
Armour         | 3 4 5 6 7 |  7.6
Dodging        | 3 4 5 6 |  6.9
Shields        | 1 3 4 6 |  6.0
Evocations     | 1 2 3 4 |  4.3

Action                   |  1- 3 |  4- 6 |  7- 9 || total
-------------------------+-------+-------+-------++-------
Melee: Hand axe          |    87 |   127 |   260 ||   474
       Headbutt          |    11 |    16 |    72 ||    99
Invok: Berserk           |     1 |       |     1 ||     2
       Brothers in Arms  |       |       |     1 ||     1
  Use: Scroll            |       |       |     9 ||     9
       Potion            |       |       |     2 ||     2
Armor: Animal skin       |     5 |       |       ||     5
       Ring mail         |     7 |       |       ||     7
       Chain mail        |    24 |    79 |   135 ||   238
Dodge: Dodged            |    45 |    62 |   150 ||   257
Block: Buckler           |       |     6 |    58 ||    64
